 Dungeon Crawl Stone Soup version 0.30-a0-777-ga9a30cbeda (webtiles) character file.

Game seed: 9494526445774651755

23 Gargoyl the Trooper (level 2, -2/20 HPs)
             Began as a Gargoyle Berserker on Feb 14, 2023.
             Was a Follower of Trog.
             Slain by a worm (5 damage)
             ... on level 2 of the Dungeon.
             The game lasted 00:01:51 (646 turns).

Gargoyl the Trooper (Gargoyle Berserker)             Turns: 646, Time: 00:01:52

Health: -2/20      AC:  9    Str: 20    XL:     2   Next: 95%
Magic:  2/2        EV: 10    Int:  7    God:    Trog [*.....]
Gold:   35         SH:  0    Dex:  9    Spells: 1/1 levels left

rFire   . . .      SeeInvis .    a - +1 hand axe
rCold   . . .      Faith    .    (no shield)
rNeg    + . .      Spirit   .    l - +0 scale mail
rPois   ∞          Reflect  .    (no helmet)
rElec   +          Harm     .    (no cloak)
rCorr   .          Rampage  .    (no gloves)
Will    .....                    (no boots) Stlth
                                 (no amulet)
HPRegen 0.23/turn                d - ring of flight
MPRegen 0.08/turn                (no ring)

@: on berserk cooldown, flying, slowed, very slow
A: sickness immunity, AC +2, negative energy resistance 1, electricity
resistance, torment resistance 1, petrification resistance
a: Renounce Religion, Berserk


You were on level 2 of the Dungeon.
You worshipped Trog.
Trog was aware of your devotion.
You visited 1 branch of the dungeon, and saw 2 of its levels.

You collected 35 gold pieces.

Inventory:

Hand Weapons
 a - a +1 hand axe (weapon)
Missiles
 h - 6 poisoned darts (quivered)
Armour
 l - a +0 scale mail (worn)
 m - a +0 ring mail
Jewellery
 d - a ring of flight (left hand)
Scrolls
 f - a scroll of teleportation
Potions
 b - a potion of invisibility {unknown}
 c - 4 potions of curing
 e - 2 potions of degeneration {unknown}
 g - a potion of lignification {unknown}
 i - 2 potions of resistance {unknown}
 j - 3 potions of might {unknown}
 k - a potion of mutation {unknown}


   Skills:
 + Level 3.7 Fighting
 + Level 3.2 Axes
 + Level 2.2 Armour
 + Level 1.7 Dodging


You had one spell level left.
You didn't know any spells.
Your spell library was empty.

Dungeon Overview and Level Annotations

Branches:
Dungeon (2/15)

Altars:


Innate Abilities, Weirdness & Mutations

You are immune to sickness and miasma.
Your stone body is resilient. (AC +2)
You are immune to poison.
You resist negative energy. (rN+)
You are resistant to electric shocks. (rElec)
You are resistant to unholy torment.
You are immune to petrification.


Message History

You miss the adder. The adder bites you but does no damage.
The adder bites you but does no damage. The adder closely misses you.
Things that are here:
a +0 whip; 2 stones; a kobold corpse You closely miss the adder.
The adder bites you but does no damage.
You hit the adder.
The adder is lightly wounded.
The adder barely misses you. x2
You fail to use your ability.
The adder bites you. The worm bites you.
You hit the adder.
The adder is lightly wounded.
You hit the worm but do no damage. The adder bites you but does no damage.
You completely miss the adder.
The adder is lightly wounded.
You hit the worm but do no damage. The adder bites you but does no damage.
The adder closely misses you. The worm closely misses you.
You barely miss the adder.
The adder is lightly wounded.
You hit the worm. The adder bites you. The worm bites you.
A red film seems to cover your vision as you go berserk!
You feel yourself moving faster!
You feel mighty! The adder bites you. The adder barely misses you.
You slash the adder!
You kill the adder!
Trog accepts your kill.
You slash the worm! The worm closely misses you.
You see here an adder corpse.
You feel a strong urge to attack something.
The worm bites you!
* * * LOW HITPOINT WARNING * * *
Things that are here:
a +0 whip; 2 stones; a kobold corpse You barely miss the worm.
The worm is moderately wounded.
You slash the worm!
The worm is severely wounded.
You are no longer berserk.
You are exhausted.
You feel yourself slow down. The worm bites you.
You die...

.......<#.# #.#
#####...#...#.## #.#
###..............# #.#
........#.###.#..# #.#
#.......#.# #.#..# #.#
#...[...#.###.#..# #.#
........#........#####.#
#......†#..##.##.#......
......w@......##.#.###..
#.......#..#####.#.#####
####.####..####.....####
#............#...[...
#######..###.....####
#..# ##.#.## #..# #.#.#
...# #.#.. ###.# #.####


You could see a worm.

Vanquished Creatures
  An adder (D:2)
  A ball python (D:1)
  A bat (D:2)
  An endoplasm (D:1)
  A giant cockroach (D:1)
  A hobgoblin (D:1)
  2 jackals (D:1)
  2 kobolds
  3 rats (D:1)
13 creatures vanquished.

Notes
Turn   | Place    | Note
-------+----------+-------------------------------------------
     0 | D:1      | Gargoyl the Gargoyle Berserker began the quest for the Orb.
     0 | D:1      | Reached XP level 1. HP: 14/14 MP: 1/1
   221 | D:1      | Reached XP level 2. HP: 19/19 MP: 2/2
   646 | D:2      | Slain by a worm

Illustrated notes

Levels and vault maps discovered:
D:1:      sevenhm_arrival_forest_fort_large_2, layout_rooms
D:2:      layout_loops_ring, uniq_robin, uniq_terence

Skill      XL: |  1  2 |
---------------+-------+-----
Axes           | 3 |  3.2
Fighting       | |  3.7
Armour         | |  2.2
Dodging        | |  1.7

Action                     || total
---------------------------++-------
  Melee: Hand axe          ||    36
 Invoke: Berserk           ||     1
    Use: Scroll            ||     3
 Armour: Animal skin       ||     9
         Scale mail        ||     6
  Dodge: Dodged            ||    27

Table legend: (Time is in decaauts)
 A = Elapsed time spent in this place.
 B = Non-inter-level travel time spent in this place.
 C = Inter-level travel time spent in this place.
 D = Time resting spent in this place.
 E = Time spent auto-exploring this place.
 F = Levels seen in this place.
 G = Mean time per level.
                   A        B        C        D        E       F      G
               +--------+--------+--------+--------+--------+-----+--------+
         Total |    649 |    622 |     27 |      0 |    432 |   2 |  324.5 |
       Dungeon |    649 |    622 |     27 |      0 |    432 |   2 |  324.5 |
               +--------+--------+--------+--------+--------+-----+--------+

Top non-repeatable levels by time:
     D:1: 532 daAuts
     D:2: 117 daAuts
